 Dungeon Crawl Stone Soup version 0.27-a0-1278-g6cbc8dfb29 (webtiles) character file.

Game seed: 4213210556260528459

106 bande the Covered (level 4, -2/29 HPs)
             Began as a Gargoyle Fighter on June 12, 2021.
             Slain by a worm (3 damage)
             ... on level 1 of the Dungeon.
             The game lasted 00:02:42 (2317 turns).

bande the Covered (Gargoyle Fighter)                Turns: 2317, Time: 00:02:43

Health: -2/29      AC: 10    Str: 20    XL:     4   Next: 84%
Magic:  4/4        EV:  7    Int:  8    God:
Gold:   86         SH:  9    Dex: 10    Spells: 3/3 levels left

rFire    . . .     SeeInvis .   a - +1 war axe
rCold    . . .     Faith    .   c - +0 kite shield
rNeg     + . .     Spirit   .   b - +0 scale mail
rPois    ∞         Reflect  .   (no helmet)
rElec    +         Harm     .   (no cloak)
rCorr    .         Rampage  .   (no gloves)
Will     .....                  (no boots)
Stlth    ..........             (no amulet)
HPRegen  0.09/turn              (no ring)
MPRegen  0.09/turn              (no ring)

@: lit by a corona, glowing
A: sickness immunity, AC +3, negative energy resistance 1, electricity
resistance, torment resistance 1, petrification resistance
a: no special abilities


You were on level 1 of the Dungeon.
You visited 1 branch of the dungeon, and saw 2 of its levels.

You collected 86 gold pieces.

Inventory:

Hand Weapons
 a - a +1 war axe (weapon)
Armour
 b - a +0 scale mail (worn)
 c - a +0 kite shield (worn)
Wands
 h - a wand of mindburst (15)
Scrolls
 g - a scroll of identify
Potions
 d - 3 potions of might


   Skills:
 + Level 3.7 Fighting
 + Level 3.0 Axes
 + Level 4.0 Armour
 + Level 0.1 Dodging
 + Level 3.7 Shields
 * Level 0.7 Evocations


You had 3 spell levels left.
You didn't know any spells.
Your spell library contained the following spells:

 Spells                   Type           Power      Damage    Failure   Level
 Confusing Touch          Hex            0%         N/A       100%        3
 Gell's Gravitas          Tloc           0%         N/A       100%        3
 Petrify                  Tmut/Erth      0%         N/A       100%        4
 Metabolic Englaciation   Hex/Ice        0%         N/A       100%        5
 Yara's Violent Unravell  Hex/Tmut       0%         3d3       100%        5


Dungeon Overview and Level Annotations

Branches:
Dungeon (2/15)

Altars:


Innate Abilities, Weirdness & Mutations

You are immune to sickness and miasma.
Your stone body is resilient. (AC +3)
You are immune to poison.
You resist negative energy. (rN+)
You are resistant to electric shocks. (rElec)
You are resistant to unholy torment.
You are immune to petrification.


Message History

You climb upwards.
There is a stone staircase leading down here.
You hit the quokka.
The quokka is severely wounded.
The quokka barely misses you. The quokka bites you.
* * * LOW HITPOINT WARNING * * *
You slash the quokka!
You kill the quokka!
You start resting.
HP restored.
There is a stone staircase leading down here.
You climb downwards.
You block the gnoll's attack. The gnoll hits you with a +0 whip.
The gnoll hits you but does no damage. The worm bites you.
There is a stone staircase leading up here.
The gnoll closely misses you.
The gnoll shaman invokes the aid of its god against you.
You are outlined in light.
You block the gnoll's attack.
You climb upwards.
There is a stone staircase leading down here.
Unknown command.
You slash the gnoll!
You kill the gnoll!
You completely miss the worm. The worm bites you.
The gnoll hits you with a +0 whip.
Unknown command.
Your scale mail prevents you from hitting the gnoll.
You slash the worm! The worm bites you.
* * * LOW HITPOINT WARNING * * *
You block the gnoll's attack.
Unknown command.
You slash the gnoll!
The gnoll is severely wounded.
You slash the worm! You block the gnoll's attack. The worm bites you.
* * * LOW HITPOINT WARNING * * *
The gnoll hits you but does no damage.
You hit the gnoll.
The gnoll is almost dead.
You hit the worm. You block the gnoll's attack. The worm bites you.
You die...

#######..#
#........#
#.######.# #.#
#.# #.# #.# #.#
###.# #.# #...#
#w# #.### #@# #.#
#g# #.# #.# #.#
#.# #.# #.# #.#
#.# #.# #.# #.#
#.####†##########
#...............#


You could see a worm and a gnoll.

Vanquished Creatures
  2 gnolls (D:1)
  2 adders (D:2)
  A worm (D:2)
  3 dart slugs
  3 ball pythons (D:1)
  3 endoplasms
  3 giant cockroaches (D:1)
  7 goblins
  3 hobgoblins (D:1)
  4 jackals (D:1)
  4 quokkas
  9 bats
  6 kobolds
  5 rats (D:1)
55 creatures vanquished.

Vanquished Creatures (others)
  6 plants (D:2)
6 creatures vanquished.

Grand Total: 61 creatures vanquished

Notes
Turn   | Place    | Note
-------+----------+-------------------------------------------
     0 | D:1      | bande the Gargoyle Fighter began the quest for the Orb.
     0 | D:1      | Reached XP level 1. HP: 14/14 MP: 1/1
   165 | D:1      | Reached XP level 2. HP: 18/19 MP: 2/2
   388 | D:1      | Reached XP level 3. HP: 23/23 MP: 3/3
   890 | D:1      | Found a faded altar of an unknown god.
   901 | D:1      | You fall into a shaft and drop 1 floor!
  1365 | D:2      | Reached XP level 4. HP: 27/29 MP: 4/4
  1925 | D:2      | Reached skill level 4 in Armour
  2316 | D:1      | HP: 1/29 [worm (4)]
  2317 | D:1      | Slain by a worm

Illustrated notes

Levels and vault maps discovered:
D:1:      dpeg_arrival_rooms_with_view, layout_loops_ring,
          shapermc_ecumenical_altar_venn
D:2:      kennysheep_six_static_rooms, layout_basic, serial_shops, shop,
          chequers_big_river, kennysheep_decorative_pillar

Skill      XL: |  1  2  3  4 |
---------------+-------------+-----
Axes           | 2 3 |  3.0
Armour         | 4 |  4.0
Fighting       | |  3.7
Dodging        | |  0.1
Shields        | |  3.7
Evocations     | |  0.7

Action                   |  1- 3 |  4- 6 || total
-------------------------+-------+-------++-------
Melee: War axe           |   145 |    70 ||   215
  Use: Scroll            |       |     5 ||     5
Armor: Scale mail        |    89 |    40 ||   129
Dodge: Dodged            |    62 |    34 ||    96
Block: Kite shield       |    91 |    43 ||   134

Table legend: (Time is in decaauts)
 A = Elapsed time spent in this place.
 B = Non-inter-level travel time spent in this place.
 C = Inter-level travel time spent in this place.
 D = Time resting spent in this place.
 E = Time spent auto-exploring this place.
 F = Levels seen in this place.
 G = Mean time per level.
                   A        B        C        D        E       F      G
               +--------+--------+--------+--------+--------+-----+--------+
         Total |   2451 |   2451 |      0 |    546 |   1335 |   2 | 1225.5 |
       Dungeon |   2451 |   2451 |      0 |    546 |   1335 |   2 | 1225.5 |
               +--------+--------+--------+--------+--------+-----+--------+

Top non-repeatable levels by time:
     D:1: 1723 daAuts
     D:2: 727 daAuts
